 Dungeon Crawl Stone Soup version 0.14-a0-1403-g5d3c58f (webtiles) character file.

12662 M4edhros the Unseen (level 11, -20/63 HPs)
             Began as an Octopode Artificer on Dec 10, 2013.
             Was an Elder of Fedhas.
             Demolished by a troll (27 damage)
             ... on Level 11 of the Dungeon.
             The game lasted 00:59:32 (13061 turns).

M4edhros the Unseen (Octopode Artificer)           Turns: 13061, Time: 00:59:33

HP -20/63        AC  3     Str 11      XL: 11   Next: 77%
MP   0/22        EV 17     Int 17      God: Fedhas [****..]
Gold 1213        SH  0     Dex 13      Spells:  5 memorised,  2 levels left

rFire  . . .     SeeInvis .     I - +4,+3 quarterstaff (chaos)
rCold  + . .     Clarity  .     (no shield)
rNeg   + . .     Conserve .     Y - +2 cap
rPois  +         rCorr    .     l - amulet of guardian spirit
rElec  .         rRot     .     E - ring of positive energy
SustAb . .       Spirit   +     k - ring of poison resistance
rMut   .         Warding  .     t - ring of flight
Saprov . . .     Stasis   .     y - ring of protection from cold
                                (no ring)
                                (no ring)
                                (no ring)
                                (no ring)

@: somewhat resistant to hostile enchantments, extraordinarily stealthy
A: almost no armour, amphibious, 8 rings, constrict 8, camouflage 1, gelatinous
body 1
a: Evolution, Sunlight, Growth, Reproduction, Renounce Religion, Evoke Flight


You were on level 11 of the Dungeon.
You worshipped Fedhas.
Fedhas was greatly pleased with you.
You were near starving.

You visited 2 branches of the dungeon, and saw 12 of its levels.
You also visited: Sewer and Bailey.

You collected 1239 gold pieces.
You spent 26 gold pieces at shops.

Inventory:

Hand weapons
 j - a +2,+2 short sword of speed
 n - a +0,+0 sling
 I - a +4,+3 quarterstaff of chaos (weapon)
 W - a +1,+1 orcish crossbow
Missiles
 w - a throwing net (quivered)
 G - 29 bolts
 Q - 18 poisoned bolts
Armour
 Y - a +2 cap (worn)
Magical devices
 c - a wand of enslavement (5)
 d - a wand of cold (0)
 P - a wand of polymorph (10)
 U - a wand of confusion (13) {unknown}
 X - a wand of invisibility (4)
Comestibles
 a - an apple
 f - 4 bread rations
 p - 3 chokos
 v - 11 sultanas
 N - a royal jelly
 V - an apricot
Scrolls
 o - a scroll of identify
 q - 4 scrolls of fog
 u - 2 scrolls of recharging
 x - a scroll of enchant weapon I
 A - 2 scrolls of summoning
 C - 3 scrolls of enchant weapon II
 J - 4 scrolls of teleportation
 K - 2 scrolls of remove curse
Jewellery
 h - an uncursed ring of teleportation
 k - a ring of poison resistance (right tentacle)
 l - an amulet of guardian spirit (around mantle)
 t - a ring of flight (on tentacle)
 y - a ring of protection from cold (on tentacle)
 B - the amulet of Neonuggi {rCorr rN+ Acc-1}
   (You found it on level 5 of the Dungeon)

   [amulet of resist corrosion]

   It affects your accuracy (-1).
   It protects you from negative energy.
 E - a ring of positive energy (left tentacle)
Potions
 b - a potion of restore abilities
 e - a potion of brilliance
 g - a potion of blood
 i - a potion of resistance
 s - 2 potions of agility
 z - 7 potions of curing
 D - 5 potions of heal wounds
 F - a potion of flight
 H - 2 potions of invisibility
 L - a potion of lignification {unknown}
 O - a potion of might
Books
 m - a Grand Grimoire {highlevel}

   This book is beyond your current level of understanding.

   Spells                             Type                      Level
   Demonic Horde                      Summoning                    6
   Mass Abjuration                    Summoning                    6
   Haunt                              Necromancy/Summoning         7
   Summon Greater Demon               Summoning                    7
   Malign Gateway                     Summoning/Translocation      7
   Summon Horrible Things             Summoning                    8
 r - a book of Maledictions

   Spells                             Type                      Level
   Corona                             Hexes                        1
   Sure Blade                         Hexes/Charms                 2
   Ensorcelled Hibernation            Hexes/Ice                    2
   Confuse                            Hexes                        3
   Enslavement                        Hexes                        4
   Invisibility                       Hexes                        6
 R - a book of Burglary

   Spells                             Type                      Level
   *Apportation                       Translocation                1
   *Swiftness                         Charms/Air                   2
   Passwall                           Transmutation/Earth          3
   *Passage of Golubria               Translocation                4
   Lee's Rapid Deconstruction         Earth                        5
   Darkness                           Hexes                        7
 S - a Grand Grimoire {highlevel}

   This book is beyond your current level of understanding.

   Spells                             Type                      Level
   Demonic Horde                      Summoning                    6
   Mass Abjuration                    Summoning                    6
   Haunt                              Necromancy/Summoning         7
   Summon Greater Demon               Summoning                    7
   Malign Gateway                     Summoning/Translocation      7
   Summon Horrible Things             Summoning                    8
 T - a book of the Warp

   Spells                             Type                      Level
   *Recall                            Summoning/Translocation      3
   Control Teleport                   Charms/Translocation         4
   *Phase Shift                       Translocation                5
   Warp Weapon                        Charms/Translocation         5
   Dispersal                          Translocation                6
   Controlled Blink                   Translocation                7
   Disjunction                        Translocation                8


   Skills:
 - Level 1.0 Fighting
 - Level 1.0 Short Blades
 + Level 1.7 Staves
 + Level 9.0 Dodging
 + Level 15.3 Stealth
 + Level 3.5 Spellcasting
 + Level 4.2 Summonings
 * Level 6.0 Translocations
 + Level 8.1 Invocations
 - Level 3.2 Evocations


You had 2 spell levels left.
You knew the following spells:

 Your Spells              Type           Power        Failure   Level  Hunger
a - Recall                Summ/Tloc      N/A          8%          3    ###....
b - Phase Shift           Tloc           ###.......   45%         5    #####..
c - Swiftness             Chrm/Air       #.......     30%         2    ##.....
d - Apportation           Tloc           ###.......   1%          1    None
e - Passage of Golubria   Tloc           N/A          17%         4    ####...


Dungeon Overview and Level Annotations

Branches:
Dungeon (11/16)            Temple (1/1) D:5            Lair (0/8) D:8
    Orc: D:9-12

Altars:
Ashenzari
Cheibriados
Elyvilon
Fedhas
Kikubaaqudgha
Makhleb
Nemelex Xobeh
Okawaru
Sif Muna
Trog
Vehumet
Xom
Yredelemnul
Zin
the Shining One

Shops:
D:5 +   D:8 !*=

Portals:
Ice
Cave: D:11

Annotations:
D:8 exclusion: 2 elephants


Innate Abilities, Weirdness & Mutations

You cannot wear most types of armour.
You are amphibious.
You can wear up to eight rings at the same time.
You can use your tentacles to constrict many enemies at once.
Your skin changes colour to match your surroundings (Stlth).
Your rubbery body absorbs attacks (AC +1).


Message History

Your wandering mushroom hits the troll.
The troll is engulfed in a cloud of spores!
Your wandering mushroom barely misses the troll.
The troll bites you!
* * * LOW HITPOINT WARNING * * *
The troll claws you!
* * * LOW HITPOINT WARNING * * *
The troll misses you.
Your wandering mushroom hits the troll!
The troll is engulfed in a cloud of spores!
Your wandering mushroom is destroyed!
Your wandering mushroom closely misses the troll.
The troll bites your wandering mushroom!
Your wandering mushroom is destroyed!
You feel a little guilty.
You swap places.
Your wandering mushroom barely misses the troll.
The troll bites you!
You die...
Fedhas appreciates your contribution to the ecosystem.

#......#### #####
#...###...##### #.g.#
####.....f......##### ######...#
#....####f..###.#...# #...# ...#
#.%..######## #.#.[.# #...# #...
#.f....# ###.#...###%..###.##
####...######..........)..%.....
#...#.......fT...f..[........
#.###.##...#@#############.##
#.###.#....#.# #.#
##.....#....#.# #.#
#......#....#.# #.#
#...f..####.#.# ... #....#.#
#...# ...
##...#.####...########## ...
#.....fff..f............ ...
######.#..f...%..######


You could see a troll (berserk) and 2 friendly wandering mushrooms.

Vanquished Creatures
  Erolcha (D:9)
  2 orc knights (Bailey)
  An elephant (D:8)
  An octopode (D:10)
  Grinder (D:3)
  A blink frog (D:9)
  Prince Ribbit (D:9)
  A shark (D:10)
  4 yaks (D:10)
  A hippogriff (D:9)
  A wolf (D:8)
  Edmund (D:8)
  A wyvern (D:9)
  A manticore (D:11)
  2 giant goldfish (D:10)
  A black bear (D:5)
  5 ice beasts
  2 phantoms
  9 orc warriors
  A sky beast (D:7)
  An ogre (D:7)
  2 centaurs
  Duvessa (D:5)
  3 big kobolds (Sewer)
  A lava worm (D:10)
  A manticore skeleton (D:6)
  3 wights (D:9)
  6 killer bees
  A jellyfish (D:10)
  A lava fish (D:10)
  3 electric eels (D:10)
  4 giant frogs
  5 crimson imps
  9 hounds
  4 scorpions
  Crazy Yiuf (D:5)
  4 orc priests
  4 big fish (D:10)
  A gnoll shaman (D:8)
  10 orc wizards
  3 worker ants
  A hound skeleton (D:9)
  14 adders
  15 gnolls
  A green rat (Sewer)
  3 worms
  4 giant mites (D:5)
  10 grey rats (Sewer)
  2 iguana skeletons
  3 giant eyeballs
  8 giant geckos
  An ooze (D:3)
  47 orcs
  22 goblins
  15 hobgoblins
  10 jackals
  22 kobolds
  2 quokkas
  5 ball pythons (Sewer)
  13 bats
  4 giant cockroaches
  8 giant newts
  2 giant spores (Bailey)
  A hobgoblin zombie (D:6)
  A kobold skeleton (D:7)
  2 orc skeletons
  A quokka skeleton (D:5)
  18 rats
  A rat zombie (D:6)
342 creatures vanquished.

Vanquished Creatures (collateral kills)
  A cyclops (D:11)
  Maurice (D:10)
  2 elephants (D:8)
  2 trolls
  Eustachio (D:6)
  A wraith (D:9)
  A yak (D:10)
  A manticore (D:11)
  A wyvern (D:8)
  A shark (D:10)
  2 hippogriffs (D:11)
  A yellow wasp (D:10)
  6 orc warriors
  A centaur (D:6)
  An ogre (D:7)
  4 ice beasts (D:11)
  A gnoll sergeant (D:8)
  5 giant frogs
  4 killer bees (D:7)
  A lava fish (D:10)
  2 wights (D:9)
  6 jellies
  A troll skeleton (D:9)
  A hippogriff skeleton (D:9)
  A goliath beetle (D:8)
  Dowan (D:5)
  2 crimson imps
  4 orc priests
  2 orc wizards
  10 gnolls
  A green rat (Sewer)
  A giant mite (D:8)
  A wandering mushroom (D:9)
  3 grey rats (Sewer)
  A giant eyeball (D:6)
  24 orcs
  A bat (D:7)
  A goblin (D:7)
  4 hobgoblins
  A ball python (D:3)
  5 giant spores
  4 jackals
  4 kobolds
  A kobold skeleton (D:6)
  3 rats (Sewer)
123 creatures vanquished.

Vanquished Creatures (others)
  14 wandering mushrooms
  A necrophage (D:5)
  A worker ant zombie (D:5)
  4 giant spores (Bailey)
  5 ballistomycetes (Bailey)
  A plant (D:6)
  174 toadstools
200 creatures vanquished.

Grand Total: 665 creatures vanquished

Notes
Turn   | Place    | Note
--------------------------------------------------------------
     0 | D:1      | M4edhros, the Octopode Artificer, began the quest for the Orb.
     0 | D:1      | Reached XP level 1. HP: 13/13 MP: 1/1
   120 | D:1      | Reached XP level 2. HP: 13/18 MP: 3/3
   236 | D:2      | Reached XP level 3. HP: 7/23 MP: 4/4
   622 | D:2      | Reached skill level 4 in Stealth
  1096 | D:3      | Reached XP level 4. HP: 8/28 MP: 1/6
  1110 | D:3      | Noticed Grinder
  1153 | D:3      | Reached skill level 5 in Stealth
  1649 | D:4      | Reached XP level 5. HP: 29/33 MP: 5/7
  1824 | D:4      | Noticed a phantom
  1879 | D:4      | Reached skill level 6 in Stealth
  2030 | D:4      | Killed a phantom
  2030 | D:4      | Reached skill level 7 in Stealth
  2030 | D:4      | Reached XP level 6. HP: 23/38 MP: 7/9
  2297 | D:5      | Entered Level 5 of the Dungeon
  2561 | D:5      | Found a staircase to the Ecumenical Temple.
  2572 | Temple   | Entered the Ecumenical Temple
  2654 | Temple   | Became a worshipper of Fedhas Madash
  2738 | D:5      | Found a glowing drain.
  2753 | D:5      | Reached skill level 8 in Stealth
  2782 | D:5      | Reached XP level 7. HP: 40/43 MP: 10/10
  2796 | D:5      | Got a warped emerald amulet
  2804 | D:5      | Identified the amulet of Neonuggi {rCorr rN+ Acc-1} (You found it on level 5 of the Dungeon)
  2821 | Sewer    | Entered a sewer
  2866 | Sewer    | Acquired Fedhas' first power
  2954 | Sewer    | Reached skill level 5 in Dodging
  3238 | Sewer    | Reached skill level 1 in Invocations
  3247 | Sewer    | Reached skill level 9 in Stealth
  3483 | Sewer    | Acquired Fedhas' second power
  3622 | D:5      | Found Cuifaz's Book Boutique.
  3813 | D:5      | Reached XP level 8. HP: 18/48 MP: 4/12
  3969 | D:5      | Noticed Dowan
  3991 | D:5      | Noticed Duvessa
  4012 | D:5      | Killed Dowan
  4064 | D:5      | Killed Duvessa
  4064 | D:5      | Reached skill level 10 in Stealth
  4134 | D:5      | Noticed Crazy Yiuf
  4143 | D:5      | Killed Crazy Yiuf
  4490 | D:5      | Noticed a necrophage
  4493 | D:5      | Killed a necrophage
  4738 | D:3      | Paralysed by a potion of paralysis for 7 turns
  4869 | D:3      | Killed Grinder
  4869 | D:3      | Reached skill level 11 in Stealth
  6472 | D:6      | Noticed Eustachio
  6483 | D:6      | Killed Eustachio
  6483 | D:6      | Reached XP level 9. HP: 39/53 MP: 11/15
  6487 | D:6      | Paralysed by a giant eyeball for 4 turns
  6497 | D:6      | Paralysed by a giant eyeball for 4 turns
  6529 | D:6      | Acquired Fedhas' third power
  6552 | D:6      | Paralysed by a giant eyeball for 3 turns
  6555 | D:6      | Reached skill level 12 in Stealth
  7154 | D:6      | Reached skill level 5 in Invocations
  7198 | D:6      | Acquired Fedhas' fourth power
  7391 | D:7      | Gained mutation: You are frail (-10% HP). [mutagenic meat]
  7455 | D:7      | Paralysed by a giant eyeball for 3 turns
  7493 | D:7      | Reached skill level 13 in Stealth
  8327 | D:8      | Reached XP level 10. HP: 40/52 MP: 13/19
  8361 | D:8      | Noticed Edmund
  8374 | D:8      | Killed Edmund
  8417 | D:8      | Reached skill level 14 in Stealth
  8624 | D:8      | Learned a level 3 spell: Recall
  8639 | D:8      | Found Iroroich's Jewellery Boutique.
  8705 | D:8      | Found a staircase to the Lair.
  8707 | D:8      | Noticed an elephant
  8707 | D:8      | Noticed an elephant
  8733 | D:8      | Found Feimem's Assorted Antiques.
  8748 | D:8      | Bought a scroll labeled SOVATE ROTH for 26 gold pieces
  8753 | D:8      | Found Graemum's Distillery.
  8877 | D:8      | Killed an elephant
  8877 | D:8      | Reached skill level 1 in Translocations
  8892 | D:8      | Noticed an elephant
  8894 | D:8      | Killed an elephant
  8894 | D:8      | Reached skill level 1 in Summonings
  8903 | D:8      | Killed an elephant
  8903 | D:8      | Reached skill level 1 in Spellcasting
  8917 | D:9      | Noticed Prince Ribbit
  8932 | D:9      | Killed Prince Ribbit
  9143 | D:9      | Noticed Erolcha
  9211 | D:9      | Killed Erolcha
  9290 | D:9      | Found a burning altar of Makhleb.
 10136 | D:9      | Reached XP level 11. HP: 43/56 MP: 16/22
 10305 | D:10     | Entered Level 10 of the Dungeon
 10305 | D:10     | Noticed Maurice
 10314 | D:10     | Killed Maurice
 10429 | D:10     | Lost mutation: You are frail (-10% HP). [potion of cure mutation]
 10673 | D:10     | Found a flagged portal.
 10711 | Bailey   | Entered a bailey
 10711 | Bailey   | Noticed an orc knight
 10864 | Bailey   | Killed an orc knight
 10864 | Bailey   | Reached skill level 15 in Stealth
 10894 | Bailey   | Reached skill level 5 in Translocations
 10943 | Bailey   | Noticed an orc knight
 11295 | Bailey   | Killed an orc knight
 11634 | D:10     | Learned a level 5 spell: Phase Shift
 12145 | D:10     | Reached skill level 1 in Staves
 12637 | D:10     | Learned a level 2 spell: Swiftness
 12639 | D:10     | Learned a level 1 spell: Apportation
 12644 | D:10     | Learned a level 4 spell: Passage of Golubria
 12840 | D:11     | Found a frozen archway.
 13061 | D:11     | Demolished by a troll

Action                   |  1- 3 |  4- 6 |  7- 9 | 10-12 || total
-------------------------+-------+-------+-------+-------++-------
Melee: Short sword       |    10 |       |       |       ||    10
       Trident           |    47 |   113 |   156 |       ||   316
       Quarterstaff      |       |       |   226 |   260 ||   486
 Fire: Sling             |       |       |       |    46 ||    46
       Crossbow          |       |       |       |    13 ||    13
Throw: Throwing net      |       |       |       |     1 ||     1
 Cast: Apportation       |       |       |       |     2 ||     2
       Recall            |       |       |       |     2 ||     2
Invok: Evolution         |       |       |     7 |    10 ||    17
       Sunlight          |       |       |    14 |    24 ||    38
       Reproduction      |       |       |       |     5 ||     5
Evoke: Wand              |     7 |    23 |    14 |    22 ||    66
  Use: Scroll            |     2 |     1 |     7 |     3 ||    13
       Potion            |     1 |     4 |    12 |     5 ||    22
 Stab: Sleeping          |     6 |    13 |    50 |    20 ||    89
       Paralysed         |       |     1 |     3 |     5 ||     9
       Invisible         |       |       |     3 |       ||     3
       Distracted        |       |       |     1 |     2 ||     3
       Confused          |       |       |     3 |     6 ||     9
       Petrifying        |       |       |     2 |       ||     2
